AoeStats
← waLLefps.

Arena

508298605Analyzed
4v4 RM · 9d ago on Sep 21, 2026· 50m 25s· 8 players
Game mode
Random Map
Map size
Large (8 player)
Population
200
Speed
Normal
Resources
Standard
Victory
Conquest
Starting age
Dark Age
Ending age
Imperial Age
RankedLock teamsTeams togetherTeam positionsShared explorationLock speedFull tech treeHidden civsTurbo modeCheats
Victory
Defeat
🇺🇸 Wu · United States
1372
+17
🇫🇮 Wei · Finland
1361
+17
🇫🇮 Armenians · Finland
1351
+17
🇳🇴 Khmer · Norway
1322
+19
🇹🇷 Tatars · Türkiye
1460
-20
🇹🇷 Hindustanis · Türkiye
1435
-20
🇩🇪 Burmese · Germany
1320
-15
🇹🇷 Maya · Türkiye
1312
-15
Flyingsheep78
10:47 Feudal Age
14:58 Castle Age
12:47 Double-Bit Axe
12:58 Horse Collar
14:55 Gold Mining
15:37 Fletching
16:02 Loom
17:23 Bow Saw
18:24 Bodkin Arrow
22:32 Padded Archer Armor
25:29 Town Watch
27:04 Red Cliffs Tactics
34:56 Imperial Age
33:00 Stone Mining
34:56 Leather Archer Armor
36:15 Bracer
41:53 Chemistry
42:53 Elite Skirmisher
45:51 Ballistics
BlueSky
10:38 Feudal Age
13:47 Castle Age
12:22 Double-Bit Axe
13:54 Horse Collar
17:20 Loom
22:46 Bow Saw
22:38 Heavy Plow
24:23 Wheelbarrow
27:59 Imperial Age
25:16 Town Watch
26:02 Bloodlines
25:55 Husbandry
26:54 Hand Cart
28:25 Scale Barding Armor
28:24 Tusk Swords
28:04 Elite Battle Elephant
29:02 Forging
29:43 Chain Barding Armor
30:21 Iron Casting
31:14 Plate Barding Armor
31:32 Gold Mining
32:46 Blast Furnace
33:56 Conscription
34:54 Gold Shaft Mining
34:32 Light Cavalry
35:10 Hussar
36:51 Double Crossbow
37:08 Fletching
38:11 Elite Ballista Elephant
39:15 Ballistics
38:53 Bodkin Arrow
40:52 Stone Mining
42:46 Siege Engineers
43:42 Chemistry
44:35 Stone Shaft Mining
44:17 Bracer
44:31 Masonry
47:03 Padded Archer Armor
Yasuo, the Unforgiven
9:49 Feudal Age
10:16 Double-Bit Axe
10:13 Horse Collar
15:36 Castle Age
13:56 Gold Mining
15:39 Bloodlines
19:28 Loom
22:35 Scale Barding Armor
28:02 Forging
28:32 Sanctity
29:15 Wheelbarrow
29:25 Bow Saw
30:22 Chain Barding Armor
29:54 Fletching
30:54 Heavy Plow
35:25 Imperial Age
33:05 Stone Mining
33:35 Husbandry
34:23 Gold Shaft Mining
35:21 Bodkin Arrow
36:13 Bracer
37:02 Padded Archer Armor
37:51 Ballistics
38:56 Leather Archer Armor
39:43 Chemistry
39:15 Parthian Tactics
39:02 Thumb Ring
40:33 Ring Archer Armor
41:13 Hand Cart
41:29 Conscription
42:16 Ming Guang Armor
42:34 Treadmill Crane
45:05 Capped Ram
45:59 Siege Ram
cro55b0w
10:30 Feudal Age
15:27 Castle Age
13:39 Double-Bit Axe
15:50 Gold Mining
15:59 Man-at-Arms
18:08 Long Swordsman
18:53 Horse Collar
19:19 Loom
20:06 Squires
20:57 Loom
22:54 Scale Mail Armor
23:31 Gambesons
24:43 Pikeman
25:56 Two-Handed Swordsman
28:26 Wheelbarrow
28:10 Halberdier
29:27 Arson
30:56 Chain Mail Armor
34:09 Forging
36:55 Imperial Age
35:49 Iron Casting
36:36 Hand Cart
36:16 Stone Mining
36:40 Bow Saw
36:31 Town Watch
37:30 Fletching
39:29 Gold Shaft Mining
38:54 Bodkin Arrow
39:36 Ballistics
40:33 Fortified Wall
40:25 Bracer
41:09 Padded Archer Armor
41:40 Plate Mail Armor
42:07 Leather Archer Armor
42:53 Blast Furnace
41:27 Elite Composite Bowman
42:28 Conscription
41:56 Champion
45:35 Caravan
46:07 Ring Archer Armor
46:38 Blast Furnace
46:11 Ring Archer Armor
46:16 Fereters
48:16 Fereters
50:43 Chemistry
Agen
10:33 Feudal Age
15:20 Castle Age
13:23 Horse Collar
25:24 Wheelbarrow
24:36 Loom
29:11 Imperial Age
27:01 Fletching
27:12 Padded Archer Armor
27:39 Bloodlines
27:48 Bodkin Arrow
27:58 Husbandry
28:42 Stone Mining
28:43 Gold Mining
29:36 Hand Cart
30:52 Chemistry
30:15 Ballistics
31:09 Gold Shaft Mining
30:58 Bracer
31:50 Elite Arambai
34:48 Conscription
35:52 Conscription
37:31 Conscription
38:18 Scale Mail Armor
38:28 Forging
37:40 Pikeman
38:05 Arson
38:19 Halberdier
39:00 Squires
39:17 Chain Mail Armor
40:30 Iron Casting
42:21 Plate Mail Armor
42:50 Conscription
44:58 Blast Furnace
44:47 Manipur Cavalry
45:58 Scale Barding Armor
45:21 Light Cavalry
47:04 Chain Barding Armor
46:07 Hussar
klostrofobikköstebek
10:18 Feudal Age
14:32 Castle Age
12:33 Double-Bit Axe
12:40 Horse Collar
18:19 Heavy Plow
21:48 Wheelbarrow
22:22 Loom
23:30 Scale Barding Armor
24:30 Forging
27:27 Hand Cart
30:27 Imperial Age
30:33 Imperial Age
28:53 Bow Saw
28:51 Husbandry
29:03 Bloodlines
28:56 Gold Mining
31:30 Heavy Camel Rider
33:52 Chemistry
33:27 Imperial Camel Rider
41:06 Two-Man Saw
40:42 Gold Shaft Mining
39:58 Stone Mining
42:20 Padded Archer Armor
42:56 Iron Casting
42:42 Chain Barding Armor
42:13 Fletching
45:47 Blast Furnace
46:15 Leather Archer Armor
45:56 Bodkin Arrow
waLLefps.
12:29 Feudal Age
13:30 Double-Bit Axe
13:27 Horse Collar
16:17 Castle Age
15:55 Loom
17:17 Bow Saw
17:19 Heavy Plow
21:55 Fletching
23:47 Loom
24:15 Bodkin Arrow
24:11 Loom
25:01 Loom
25:38 Loom
26:58 Wheelbarrow
34:44 Bloodlines
40:56 Hand Cart
42:44 Padded Archer Armor
42:57 Husbandry
43:59 Ballistics
44:00 Elite Skirmisher
49:58 Imperial Age
47:16 Town Watch
48:08 Leather Archer Armor
Tameryig1t
0:29 Loom
11:02 Feudal Age
15:32 Castle Age
13:18 Horse Collar
13:55 Double-Bit Axe
14:36 Stone Mining
14:36 Gold Mining
15:33 Gold Mining
16:58 Wheelbarrow
17:21 Fletching
18:55 Bodkin Arrow
21:35 Padded Archer Armor
27:01 Heavy Plow
27:21 Bow Saw
32:06 Imperial Age
31:37 Hand Cart
33:00 Squires
32:45 Arson
Connection lost

Rejoining the realm…

Still unreachable

The connection could not be restored.

Session expired

The server has moved on; the page needs a fresh start.